 Dungeon Crawl Stone Soup version 0.20-a0-472-g5c05303 (webtiles) character file.

98 wazuzu the Cudgeler (level 4, -1/39 HPs)
             Began as a Minotaur Fighter on Jan 14, 2017.
             Slain by a goblin (2 damage)
             ... led by Robin
             ... on level 3 of the Dungeon.
             The game lasted 00:04:20 (2157 turns).

wazuzu the Cudgeler (Minotaur Fighter)              Turns: 2157, Time: 00:04:22

Health: -1/39      AC:  6    Str: 21    XL:     4   Next: 43%
Magic:  0/2        EV: 14    Int:  5    God:
Gold:   124        SH:  0    Dex: 15    Spells: 3/3 levels left

rFire  . . .     SeeInvis .     a - +0 flail
rCold  . . .     Gourm    .     b - +0 scale mail
rNeg   . . .     Faith    .     (no shield)
rPois  +         Spirit   +     (helmet restricted)
rElec  .         Reflect  .     (no cloak)
rCorr  .         Harm     .     (no gloves)
MR     +....                    (no boots)
Stlth  +.........               s - amulet of guardian spirit
                                (no ring)
                                (no ring)

@: agile, lethally poisoned (-1 -> -16)
A: retaliatory headbutt, horns 2, low mp 1, magic resistance 1, poison
resistance
a: no special abilities


You were on level 3 of the Dungeon.
You were not hungry.

You visited 1 branch of the dungeon, and saw 3 of its levels.

You collected 124 gold pieces.

Inventory:

Hand Weapons
 a - a +0 flail (weapon)
Missiles
 o - 17 bolts
Armour
 b - a +0 scale mail (worn)
 c - a +0 shield
Jewellery
 i - an uncursed ring of resist corrosion {unknown}
 s - an amulet of guardian spirit (around neck)
 w - an uncursed ring of positive energy {unknown}
Scrolls
 k - 2 scrolls of identify {unknown}
 l - a scroll of amnesia {unknown}
 m - a scroll of recharging {unknown}
 n - a scroll of enchant weapon {unknown}
 p - a scroll of teleportation {unknown}
 x - a scroll of magic mapping {unknown}
Potions
 d - a potion of might
 g - a potion of degeneration {unknown}
 j - a potion of magic {unknown}
 u - a potion of resistance {unknown}
 v - a potion of beneficial mutation {unknown}
Books
 r - a book of Minor Magic

   Spells                             Type                      Level
   a - Magic Dart                     Conjuration                  1
   b - Blink                          Translocation                2
   c - Call Imp                       Summoning                    2
   d - Repel Missiles                 Charms/Air                   2
   e - Slow                           Hexes                        2
   f - Conjure Flame                  Conjuration/Fire             3
   g - Mephitic Cloud                 Conjuration/Poison/Air       3
Comestibles
 f - 2 bread rations
 h - 2 meat rations


   Skills:
 - Level 3.6 Fighting
 + Level 5.7 Maces & Flails
 - Level 3.6 Armour
 - Level 3.6 Shields


You had 3 spell levels left.
You didn't know any spells.

Dungeon Overview and Level Annotations

Branches:
Dungeon (3/15)

Altars:
Xom

Annotations:
D:3 Robin


Innate Abilities, Weirdness & Mutations

You reflexively headbutt those who attack you in melee.
You have a pair of horns on your head.
Your magical capacity is low. (-10% MP)
You are resistant to hostile enchantments. (MR+)
Your system is resistant to poisons. (rPois)


Message History

You feel sick. The goblin barely misses you. x2
* * * LOW HITPOINT WARNING * * *
You feel sick. The goblin barely misses you. Robin throws the goblin at you!
* * * LOW HITPOINT WARNING * * *
The goblin hits you but does no damage.
* * * LOW HITPOINT WARNING * * *
You feel sick. The goblin closely misses you.
You see here a stone.
It was a potion of agility.
You feel agile all of a sudden.
* * * LOW HITPOINT WARNING * * *
You feel sick. The goblin barely misses you. The goblin completely misses you.
The goblin closely misses you. x2
It was a potion of mutation.
You feel extremely strange.
You feel resistant to poisons.
You feel resistant to hostile enchantments.
You feel less energetic.
* * * LOW HITPOINT WARNING * * *
You feel sick. The goblin completely misses you. The goblin hits you.
You die...

###### ....## . ....
. ...# ..#####..
.....######......##
..
......)gggg(.......
...
.##...ggg@#......###.
... #.#####.#......#
#.##### ..
#.#).....###...... #
#.#...............
#.#.(.....# #....<
#.#..?....# #.....
#.#...?...# #.....
#.#######.# #.....
####...#####.######.#


You could see Robin, a hobgoblin and 5 goblins.

Vanquished Creatures
  3 adders (D:2)
  3 worms
  2 dart slugs (D:1)
  2 leopard geckos (D:1)
  2 ball pythons (D:1)
  8 bats
  2 giant cockroaches (D:1)
  7 goblins
  5 hobgoblins
  4 jackals (D:2)
  3 frilled lizards
  10 kobolds
  2 rats (D:1)
53 creatures vanquished.

Notes
Turn   | Place    | Note
-------+----------+-------------------------------------------
     0 | D:1      | wazuzu the Minotaur Fighter began the quest for the Orb.
     0 | D:1      | Reached XP level 1. HP: 19/19 MP: 0/0
   103 | D:1      | Reached skill level 3 in Maces & Flails
   222 | D:1      | Reached XP level 2. HP: 25/26 MP: 1/1
   465 | D:1      | Reached skill level 4 in Maces & Flails
   643 | D:1      | Reached XP level 3. HP: 31/31 MP: 2/2
  1513 | D:2      | Found a shimmering altar of Xom.
  1514 | D:2      | Found a shimmering altar of Xom.
  1525 | D:2      | Found a shimmering altar of Xom.
  1525 | D:2      | Found a shimmering altar of Xom.
  1525 | D:2      | Found a shimmering altar of Xom.
  1533 | D:2      | Reached skill level 5 in Maces & Flails
  1872 | D:2      | Reached XP level 4. HP: 38/39 MP: 3/3
  2145 | D:3      | Noticed Robin
  2157 | D:3      | Gained mutation: Your system is resistant to poisons. (rPois) [potion of mutation]
  2157 | D:3      | Gained mutation: You are resistant to hostile enchantments. (MR+) [potion of mutation]
  2157 | D:3      | Gained mutation: Your magical capacity is low. (-10% MP) [potion of mutation]
  2157 | D:3      | HP: 1/39 [poisoned by a goblin]
  2157 | D:3      | Slain by a goblin

Vault maps used:
D:1:      dpeg_arrival_chase, minmay_tetromino_o2
D:2:      xom_redecorated, grunt_ministairs_12
D:3:      moated_statue, minmay_divided_ellipse, uniq_robin

Skill      XL: |  1  2  3 |
---------------+----------+-----
Maces & Flails | 3 4 5 |  5.7
Fighting       | |  3.6
Armour         | |  3.6
Shields        | |  3.6

Action                   |  1- 3 |  4- 6 || total
-------------------------+-------+-------++-------
Melee: Flail             |    84 |    27 ||   111
       Headbutt          |    13 |     5 ||    18
  Use: Potion            |       |     2 ||     2
  Eat: Chunk             |     3 |     1 ||     4
Armor: Scale mail        |    44 |    30 ||    74
Dodge: Dodged            |    51 |    33 ||    84
